 Dungeon Sprint DCSS version 0.31-a0-18-gea43df2a32 (webtiles) character file.

Game seed: 8826579240956389840

12934 sircluck the Ninja (level 12, 0/82 HPs)
             Began as a Kobold Brigand on May 9, 2023.
             Was the Champion of Dithmenos.
             Slain by an unseen horror (7 damage)
             ... in the Dungeon (Sprint I: "Red Sonja").
             The game lasted 00:07:28 (1430 turns).

sircluck the Ninja (Kobold Brigand)                 Turns: 1430, Time: 00:07:28

Health: 0/82       AC:  6    Str:  8    XL:     12   Next: 26%
Magic:  12/12      EV: 24    Int: 19    God:    Dithmenos [******]
Gold:   314        SH:  0    Dex: 28    Spells: 11/11 levels left

rFire   . . .        a - +2 dagger (venom)
rCold   + . .        (no shield)
rNeg    + . .        o - +2 leather armour {rC+}
rPois   .            (no helmet)
rElec   .            c - +0 cloak
rCorr   .            (no gloves)
SInv    .            (no boots)
Will    .....        (no amulet) Stlth *+++++++++
                     f - ring of the Gloaming {rN+ Int+7}
HPRegen 0.33/turn    s - +6 ring of dexterity
MPRegen 0.13/turn

%: no teleportation
@: hasted, very quick
A: small, no large weapons, nightstalker 3
a: Renounce Religion, Shadow Step, Shadow Form


You were in the Dungeon.
You worshipped Dithmenos.
Dithmenos was exalted by your worship.
You visited 1 branch You collected 1195 gold pieces.
You spent 881 gold pieces at shops.

Inventory:

Hand Weapons
 a - a +2 dagger of venom (weapon)
Missiles
 d - 9 poisoned darts (quivered)
 e - 5 curare-tipped darts
Armour
 b - a +0 robe
 c - a +0 cloak (worn)
 o - a +2 leather armour of cold resistance (worn)
Jewellery
 f - the ring of the Gloaming (left hand) {rN+ Int+7}
   (You found it in the Dungeon)

   [ring of positive energy]

   Int:       It affects your intelligence (+7).
   rN:        It protects you from negative energy.
 n - a ring of see invisible
 q - a ring of flight
 s - a +6 ring of dexterity (right hand)
Wands
 l - a wand of iceblast (13)
 p - a wand of paralysis (16)
 r - a wand of mindburst (9)
Potions
 g - a potion of invisibility {unknown}
 i - 2 potions of magic
 m - 2 potions of cancellation {unknown}
Miscellaneous
 j - a phantom mirror


   Skills:
 + Level 12.7 Fighting
 + Level 18.5 Short Blades
 + Level 8.9 Throwing
 + Level 1.6 Armour
 + Level 10.1 Dodging
 O Level 27 Stealth
 + Level 5.7 Evocations


You had 11 spell levels left.
You didn't know any spells.
Your spell library was empty.

Dungeon Overview and Level Annotations

Branches:
Dungeon (1/1)

Altars:
Cheibriados
Dithmenos
Elyvilon
Fedhas
Gozag
Hepliaklqana
Kikubaaqudgha
Makhleb
Nemelex Xobeh
Okawaru
Qazlal
Ru
Sif Muna
Trog
Uskayaw
Vehumet
Wu Jian
Xom
Yredelemnul
Zin
The Shining One
Jiyva
Lugonu

Shops:
D !(*([=*?!::=?([=?(:[=


Innate Abilities, Weirdness & Mutations

You are small and have problems with some larger weapons.
You are completely attuned to the shadows.


Message History

Your shadow hits something but does no damage.
Dithmenos accepts your kill.
Reactivating autopickup.
You feel a bit more experienced. Something barely misses you.
Deactivating autopickup; reactivate with Ctrl-A.
You puncture something!
Your shadow hits something with a dagger.
Something hits you! Something closely misses you.
You hit something. Something hits you but does no damage.
Something completely misses you.
You barely miss something.
Your shadow barely misses something.
Something closely misses you.
You hit something but do no damage. Something hits you.
Something barely misses you.
You closely miss something. Something hits you. Dithmenos accepts your kill.
Reactivating autopickup.
You feel a bit more experienced.
Your Dodging skill increases to level 10!
Something hits you.
Deactivating autopickup; reactivate with Ctrl-A.
You feel much better.
Something hits you. x2; Something closely misses you.
You feel yourself speed up. Something closely misses you. Something hits you.
Something hits you but does no damage. Something hits you. Something hits you.
Something barely misses you.
Aiming: Phantom Mirror
Press: ? - help, Q - select action, (/) - cycle Dir - move target, f - daeva
Aim: a daeva, wielding a +5 scimitar of holy wrath and wearing a +0 tower shield (fire blocked by an iron grate) Nothing appears to happen.
Something hits you. Something hits you!
* * * LOW HITPOINT WARNING * * *
You emit a cloud of dark smoke.
Something closely misses you.
The daeva calls down the wrath of the Shining One upon you.
The Shining One smites you!
* * * LOW HITPOINT WARNING * * *
Something closely misses you. Something hits you!
You die...

####################
'..)#[)#....§§§§§.§+
#...##§#.####§..§§#
#)..'§.#§# ##§§§##
## #####§§'.# ###§#
|!# #..##+####
#@##$$$ '..#.☼
#{§###$ #§§#.○
##{#A#$ ##§###
#§§###$ ##§§.#
#{##..$ (###.#
#{§#+## [∩##.#
##§{§# ####.# ###§#
..##.# #.#


You could see a daeva.

Vanquished Creatures
  2 centaur warriors (D)
  Sonja (D)
  A deep troll (D)
  A lindwurm (D)
  An oklob plant (D)
  8 shining eyes (D)
  4 demonic crawlers (D)
  4 unseen horrors (D)
  2 kobold demonologists (D)
  A hornet (D)
  Sigmund (D)
  A slime creature (D)
  13 hogs (D)
  A yak (D)
  2 redbacks (D)
  6 floating eyes (D)
  An ogre (D)
  7 necrophages (D)
  8 jellies (D)
  Ijyb (D)
  A ballistomycete spore (D)
67 creatures vanquished.

Vanquished Creatures (others)
  A ballistomycete spore (D)
1 creature vanquished.

Grand Total: 68 creatures vanquished

Notes
Turn   | Place    | Note
-------+----------+-------------------------------------------
     0 | D        | sircluck the Kobold Brigand began the quest for the Orb.
     0 | D        | Reached XP level 1. HP: 12/12 MP: 1/1
     1 | D        | Noticed Ijyb
     4 | D        | Killed Ijyb
     5 | D        | Reached skill level 8 in Stealth
     5 | D        | Reached XP level 2. HP: 18/18 MP: 2/2
     5 | D        | Reached XP level 3. HP: 22/22 MP: 3/3
     7 | D        | Noticed an ogre
    10 | D        | Killed an ogre
    11 | D        | Reached skill level 12 in Stealth
    11 | D        | Reached XP level 4. HP: 29/29 MP: 4/4
    11 | D        | Reached XP level 5. HP: 33/33 MP: 5/5
    22 | D        | Noticed Sigmund
    25 | D        | Killed Sigmund
    26 | D        | Reached skill level 5 in Short Blades
    26 | D        | Reached skill level 15 in Stealth
    26 | D        | Reached XP level 6. HP: 39/39 MP: 6/6
    39 | D        | Found an ornate altar of the Wu Jian Council.
    40 | D        | Found a shimmering blue altar of Sif Muna.
    41 | D        | Found a radiant altar of Vehumet.
    48 | D        | Reached skill level 16 in Stealth
    66 | D        | Found a hazy altar of Hepliaklqana.
    66 | D        | Found a stormy altar of Qazlal.
    66 | D        | Found a hide-covered altar of Uskayaw.
    66 | D        | Found a blossoming altar of Fedhas.
    66 | D        | Noticed a yak
    67 | D        | Found Raanikk's Antique Weapon Emporium.
    67 | D        | Found a bloodstained altar of Trog.
    67 | D        | Found an opulent altar of Gozag.
    67 | D        | Found a snail-covered altar of Cheibriados.
    68 | D        | Killed a yak
    69 | D        | Reached skill level 5 in Fighting
    69 | D        | Reached skill level 17 in Stealth
    69 | D        | Reached XP level 7. HP: 44/44 MP: 7/7
    69 | D        | Found an iron altar of Okawaru.
    69 | D        | Found a sparkling altar of Nemelex Xobeh.
    69 | D        | Found a sacrificial altar of Ru.
    69 | D        | Found a glowing silver altar of Zin.
    70 | D        | Found an ancient bone altar of Kikubaaqudgha.
    70 | D        | Found a basalt altar of Yredelemnul.
    70 | D        | Found a glowing golden altar of the Shining One.
    70 | D        | Found a shadowy altar of Dithmenos.
    70 | D        | Found a white marble altar of Elyvilon.
    77 | D        | Became a worshipper of Dithmenos the Shadowed
    99 | D        | Found a burning altar of Makhleb.
    99 | D        | Found a viscous altar of Jiyva.
    99 | D        | Found a shimmering altar of Xom.
    99 | D        | Found a corrupted altar of Lugonu.
    99 | D        | Noticed a slime creature
   102 | D        | Killed a slime creature
   103 | D        | Reached skill level 5 in Throwing
   103 | D        | Reached skill level 18 in Stealth
   115 | D        | Noticed a kobold demonologist
   116 | D        | Noticed a kobold demonologist
   118 | D        | Killed a kobold demonologist
   119 | D        | Reached skill level 19 in Stealth
   119 | D        | Reached XP level 8. HP: 51/51 MP: 8/8
   120 | D        | Killed a kobold demonologist
   120 | D        | Reached * piety under Dithmenos
   121 | D        | Reached skill level 20 in Stealth
   122 | D        | Reached skill level 21 in Stealth
   136 | D        | Noticed Sonja
   140 | D        | Killed Sonja
   141 | D        | Reached skill level 22 in Stealth
   141 | D        | Reached XP level 9. HP: 56/56 MP: 9/9
   263 | D        | Noticed a deep troll
   267 | D        | Killed a deep troll
   267 | D        | Reached ** piety under Dithmenos
   268 | D        | Reached skill level 10 in Short Blades
   268 | D        | Reached skill level 24 in Stealth
   277 | D        | Found Axzos's Armour Emporium.
   298 | D        | Noticed a centaur warrior
   299 | D        | Noticed a centaur warrior
   302 | D        | Killed a centaur warrior
   303 | D        | Reached skill level 25 in Stealth
   303 | D        | Reached XP level 10. HP: 63/63 MP: 10/10
   304 | D        | Killed a centaur warrior
   305 | D        | Reached skill level 26 in Stealth
   325 | D        | Noticed an oklob plant
   327 | D        | Killed an oklob plant
   327 | D        | Reached *** piety under Dithmenos
   336 | D        | Reached skill level 27 in Stealth
   371 | D        | Noticed an unseen horror
   372 | D        | Noticed an unseen horror
   375 | D        | Killed an unseen horror
   375 | D        | Reached **** piety under Dithmenos
   377 | D        | Killed an unseen horror
   514 | D        | Reached ***** piety under Dithmenos
   561 | D        | HP: 4/97 [acid (1)]
   778 | D        | Found the +8 lance "Wyrmbane" {slay drac, rPois rF+ rC+
                  | AC+3}
   784 | D        | Identified the +1 scale mail "Fim Ydwa" {rN+}
  1003 | D        | Reached skill level 1 in Evocations
  1003 | D        | Identified the ring of the Gloaming {rN+ Int+7}
  1019 | D        | Found Zaub's Magic Scroll Shoppe.
  1019 | D        | Found Ybouh's General Store.
  1019 | D        | Found Gucu's Distillery.
  1021 | D        | Found Zuheut's Book Emporium.
  1021 | D        | Found Zagrof's Book Shop.
  1021 | D        | Found Joippy's Jewellery Shoppe.
  1021 | D        | Found Lolau's Magic Scroll Boutique.
  1024 | D        | Bought a scroll of brand weapon for 104 gold pieces
  1026 | D        | Found Inoahew's Antique Weapon Emporium.
  1027 | D        | Found Uzxiof's Armour Shop.
  1028 | D        | Found Doalasit's Jewellery Shoppe.
  1029 | D        | Bought a +6 ring of dexterity for 396 gold pieces
  1029 | D        | Found Muag's Magic Scroll Boutique.
  1030 | D        | Found Obifogici's Book Emporium.
  1030 | D        | Found Tiyphyi's Antique Weapon Boutique.
  1031 | D        | Found Mous's Jewellery Emporium.
  1045 | D        | Reached ****** piety under Dithmenos
  1046 | D        | Reached XP level 11. HP: 67/70 MP: 11/11
  1087 | D        | Noticed a shining eye
  1088 | D        | Noticed a shining eye
  1090 | D        | Killed a shining eye
  1091 | D        | Noticed a shining eye
  1094 | D        | Killed a shining eye
  1095 | D        | Reached skill level 5 in Dodging
  1095 | D        | Noticed a shining eye
  1097 | D        | Killed a shining eye
  1098 | D        | Reached skill level 15 in Short Blades
  1100 | D        | Reached skill level 10 in Fighting
  1101 | D        | Killed a shining eye
  1103 | D        | Noticed a shining eye
  1103 | D        | Noticed a shining eye
  1103 | D        | Noticed a shining eye
  1104 | D        | Noticed a shining eye
  1108 | D        | Killed a shining eye
  1109 | D        | Killed a shining eye
  1112 | D        | Killed a shining eye
  1116 | D        | Found Yraschun's Distillery.
  1128 | D        | Killed a shining eye
  1130 | D        | Found Sylauter's Assorted Antiques.
  1131 | D        | Found Zuem's Antique Weapon Shoppe.
  1136 | D        | Bought a potion of heal wounds for 115 gold pieces
  1138 | D        | Found Ytilulliz's Jewellery Boutique.
  1138 | D        | Found Irraxim's Armour Shop.
  1145 | D        | Bought a +2 leather armour of cold resistance for 266 gold
                  | pieces
  1205 | D        | Noticed a lindwurm
  1208 | D        | Killed a lindwurm
  1209 | D        | Reached skill level 5 in Evocations
  1235 | D        | Reached XP level 12. HP: 81/81 MP: 12/12
  1299 | D        | Reached skill level 1 in Armour
  1391 | D        | Noticed a daeva
  1420 | D        | Reached skill level 10 in Dodging
  1430 | D        | Slain by an unseen horror

Illustrated notes

Levels and vault maps discovered:
D:        dungeon_sprint_1 [red_sonja_temple_1, red_sonja_temple_small_1]

Skill      XL: |  1  2  3  4  5  6  7  8  9 10 11 12 |
---------------+-------------------------------------+-----
Short Blades   | 3 4 5 6 8 9 10 14 17 18 | 18.5
Stealth        | 8 12 15 17 19 22 25 27 | 27.0
Fighting       | 3 4 5 6 7 9 11 12 | 12.7
Throwing       | 3 4 5 6 7 8 |  8.9
Dodging        | 2 3 8 10 | 10.1
Evocations     | 1 5 |  5.7
Armour         | 1 |  1.6

Action                     |  1- 3 |  4- 6 |  7- 9 | 10-12 || total
---------------------------+-------+-------+-------+-------++-------
  Melee: Dagger            |     2 |     3 |     8 |   232 ||   245
         Punch             |       |       |       |     6 ||     6
  Throw: Dart              |       |       |       |     4 ||     4
  Evoke: Wand              |       |       |       |     4 ||     4
         Phantom mirror    |       |       |       |     1 ||     1
    Use: Potion            |       |       |       |     7 ||     7
         Scroll            |       |       |       |     3 ||     3
   Stab: Sleeping          |     2 |     3 |     8 |    32 ||    45
         Paralysed         |       |       |       |     1 ||     1
 Armour: Robe              |       |       |       |     3 ||     3
         Leather armour    |       |       |       |    15 ||    15
  Dodge: Dodged            |       |       |       |   139 ||   139

Table legend: (Time is in decaauts)
 A = Elapsed time spent in this place.
 B = Non-inter-level travel time spent in this place.
 C = Inter-level travel time spent in this place.
 D = Time resting spent in this place.
 E = Time spent auto-exploring this place.
 F = Levels seen in this place.
 G = Mean time per level.
                   A        B        C        D        E       F      G
               +--------+--------+--------+--------+--------+-----+--------+
         Total |   1313 |   1282 |     31 |    438 |    328 |   1 | 1313.0 |
       Dungeon |   1313 |   1282 |     31 |    438 |    328 |   1 | 1313.0 |
               +--------+--------+--------+--------+--------+-----+--------+

Top non-repeatable levels by time:
       D: 1313 daAuts
